 Dungeon Crawl Stone Soup version 0.28.0-1-gb440e238dd (webtiles) character file.

Game seed: 5994044377792228602

152 Ablot the Grasshopper (level 5, 0/43 HPs)
             Began as a Gnoll Warper on Feb 26, 2022.
             Slain by Ijyb (3 damage)
             ... on level 4 of the Dungeon.
             The game lasted 00:04:34 (3555 turns).

Ablot the Grasshopper (Gnoll Warper)                Turns: 3555, Time: 00:04:34

Health: 0/43       AC:  5    Str: 18    XL:     5   Next: 34%
Magic:  12/12      EV: 12    Int: 12    God:
Gold:   215        SH:  0    Dex: 12    Spells: 12/14 levels left

rFire   . . .      SeeInvis .   x - +1 whip (elec)
rCold   . . .      Faith    .   (no shield)
rNeg    . . .      Spirit   .   q - +0 ring mail
rPois   .          Reflect  .   (no helmet)
rElec   .          Harm     .   (no cloak)
rCorr   .          Rampage  .   (no gloves)
Will    +....                   (no boots)
Stlth   +.........              (no amulet)
HPRegen 0.14/turn               l - +6 ring of strength
MPRegen 0.13/turn               u - ring of willpower

@: no status effects
A: fangs 1, strong nose, distributed training
a: no special abilities


You were on level 4 of the Dungeon.
You visited 1 branch of the dungeon, and saw 4 of its levels.

You collected 215 gold pieces.

Inventory:

Hand Weapons
 a - a +0 spear
 x - a +1 whip of electrocution (weapon)
Missiles
 d - 6 boomerangs of dispersal (quivered)
 e - 33 sling bullets
 f - 6 poisoned darts
 g - 30 stones
 w - 3 boomerangs
Armour
 b - a +0 leather armour
 q - a +0 ring mail (worn)
Jewellery
 l - a +6 ring of strength (left hand)
 u - a ring of willpower (right hand)
Wands
 p - a wand of flame (22)
Scrolls
 c - 2 scrolls of blinking
 h - 8 scrolls of identify {unknown}
 i - a scroll of immolation {unknown}
 j - a scroll of torment {unknown}
 k - a scroll of fear {unknown}
 n - a scroll of silence {unknown}
 r - a scroll of vulnerability {unknown}
 t - 2 scrolls of amnesia {unknown}
 v - a scroll of magic mapping {unknown}
 y - a scroll of enchant weapon {unknown}
Potions
 m - a potion of resistance {unknown}
 o - 2 potions of cancellation {unknown}
 s - 3 potions of mutation {unknown}


   Skills:
 + Level 4.8 Fighting
 + Level 1.4 Short Blades
 + Level 1.4 Long Blades
 + Level 1.4 Axes
 + Level 1.4 Maces & Flails
 + Level 4.8 Polearms
 + Level 1.4 Staves
 + Level 1.4 Slings
 + Level 1.4 Bows
 + Level 1.4 Crossbows
 + Level 3.0 Throwing
 + Level 3.0 Armour
 + Level 4.8 Dodging
 + Level 1.4 Stealth
 + Level 1.4 Shields
 + Level 1.4 Unarmed Combat
 + Level 5.2 Spellcasting
 + Level 1.1 Conjurations
 + Level 1.1 Hexes
 + Level 1.1 Summonings
 + Level 1.1 Necromancy
 + Level 5.5 Translocations
 + Level 1.1 Transmutations
 + Level 1.1 Fire Magic
 + Level 1.1 Ice Magic
 + Level 1.1 Air Magic
 + Level 1.1 Earth Magic
 + Level 1.1 Poison Magic
 + Level 1.6 Invocations
 + Level 1.4 Evocations


You had 12 spell levels left.
You knew the following spells:

 Your Spells              Type           Power      Damage    Failure   Level
a - Blink                 Tloc           32%        N/A       5%          2

Your spell library contained the following spells:

 Spells                   Type           Power      Damage    Failure   Level
 Gell's Gravitas          Tloc           16%        N/A       11%         3
 Lesser Beckoning         Tloc           16%        N/A       11%         3
 Teleport Other           Tloc           16%        N/A       11%         3
 Dazzling Flash           Conj/Hex       10%        N/A       54%         3
 Manifold Assault         Tloc           16%        N/A       67%         5
 Agony                    Necr           5%         N/A       99%         5
 Silence                  Hex/Air        2%         N/A       99%         5


Dungeon Overview and Level Annotations

Branches:
Dungeon (4/15)
 Temple: D:4-7

Altars:
Hepliaklqana
Sif Muna

Annotations:
D:4 Ijyb, Pikel


Innate Abilities, Weirdness & Mutations

You have very sharp teeth.
Your uncanny sense of smell can sniff out nearby items.
Your experience applies equally to all skills.


Message History

Ijyb hits you with a +0 dagger.
* * * LOW HITPOINT WARNING * * *
You closely miss Ijyb.
Ijyb is moderately wounded.
Ijyb hits you but does no damage.
You hit Ijyb but do no damage.
Ijyb is moderately wounded.
Ijyb screams, "Get away!"
Ijyb hits you with a +0 dagger.
* * * LOW HITPOINT WARNING * * *
You barely miss Ijyb.
Ijyb is moderately wounded.
Ijyb hits you but does no damage.
You barely miss Ijyb.
Ijyb is moderately wounded.
Ijyb hits you but does no damage.
You hit Ijyb but do no damage.
Ijyb is moderately wounded.
Ijyb hits you with a +0 dagger.
* * * LOW HITPOINT WARNING * * *
You closely miss Ijyb.
Ijyb is moderately wounded.
Ijyb misses you.
You closely miss Ijyb. Your bite misses Ijyb.
Ijyb is moderately wounded.
Ijyb hits you but does no damage.
You barely miss Ijyb.
Ijyb is moderately wounded.
Ijyb closely misses you.
You hit Ijyb.
Ijyb is heavily wounded.
Ijyb closely misses you.
You barely miss Ijyb.
Ijyb is heavily wounded.
Ijyb hits you with a +0 dagger.
* * * LOW HITPOINT WARNING * * *
You barely miss Ijyb.
Ijyb is heavily wounded.
Ijyb hits you with a +0 dagger.
You die...

.######.#####..).....##.#
#)# #.##...........##.#
#.# #.##.##........##.#
#.# #.## #........##.#
#.# #.# #........##.# #.#
#.# #.#####..##.# #.# #.#
#.†.........####.#
#.###.#..........# #@#
##.######...# #g..# #.#
#..## #..## #.# #.†#
#...# #.# #..# ...#.# #.#
#..# #... .# #<# #..#
#h## ## #.# #..# .
#.######..# . #.........#


You could see Ijyb.

Vanquished Creatures
  Natasha (D:4)
  An orc wizard (D:4)
  An adder (D:3)
  A worm (D:3)
  4 dart slugs
  7 orcs
  4 endoplasms (D:3)
  2 giant cockroaches (D:1)
  5 goblins (D:1)
  9 hobgoblins
  7 quokkas
  4 ball pythons
  8 bats
  6 frilled lizards
  8 kobolds
  2 rats
70 creatures vanquished.

Vanquished Creatures (others)
  4 fungi (D:1)
  3 plants (D:1)
7 creatures vanquished.

Grand Total: 77 creatures vanquished

Notes
Turn   | Place    | Note
-------+----------+-------------------------------------------
     0 | D:1      | Ablot the Gnoll Warper began the quest for the Orb.
     0 | D:1      | Reached XP level 1. HP: 20/20 MP: 6/6
    48 | D:1      | Reached XP level 2. HP: 13/26 MP: 7/7
   135 | D:1      | Learned a level 2 spell: Blink
   359 | D:1      | Found a faded altar of an unknown god.
   611 | D:1      | Reached XP level 3. HP: 30/31 MP: 9/9
   620 | D:1      | Reached skill level 5 in Spellcasting
  1067 | D:2      | Reached skill level 1 in Invocations
  1266 | D:2      | You fall into a shaft and drop 1 floor!
  1405 | D:3      | Reached skill level 1 in Short Blades
  1405 | D:3      | Reached skill level 1 in Long Blades
  1405 | D:3      | Reached skill level 1 in Axes
  1405 | D:3      | Reached skill level 1 in Maces & Flails
  1405 | D:3      | Reached skill level 1 in Staves
  1405 | D:3      | Reached skill level 1 in Slings
  1405 | D:3      | Reached skill level 1 in Bows
  1405 | D:3      | Reached skill level 1 in Crossbows
  1405 | D:3      | Reached skill level 1 in Stealth
  1405 | D:3      | Reached skill level 1 in Shields
  1405 | D:3      | Reached skill level 1 in Unarmed Combat
  1405 | D:3      | Reached skill level 1 in Evocations
  1570 | D:3      | Reached XP level 4. HP: 28/38 MP: 11/11
  2388 | D:3      | Found a hazy altar of Hepliaklqana.
  2598 | D:3      | Found a shimmering blue altar of Sif Muna.
  3053 | D:3      | Reached skill level 1 in Conjurations
  3053 | D:3      | Reached skill level 1 in Hexes
  3053 | D:3      | Reached skill level 1 in Summonings
  3053 | D:3      | Reached skill level 1 in Necromancy
  3053 | D:3      | Reached skill level 1 in Transmutations
  3053 | D:3      | Reached skill level 1 in Fire Magic
  3053 | D:3      | Reached skill level 1 in Ice Magic
  3053 | D:3      | Reached skill level 1 in Air Magic
  3053 | D:3      | Reached skill level 1 in Earth Magic
  3053 | D:3      | Reached skill level 1 in Poison Magic
  3224 | D:4      | Noticed a lemure
  3224 | D:4      | Noticed a lemure
  3225 | D:4      | Noticed Pikel
  3298 | D:4      | Reached XP level 5. HP: 37/43 MP: 12/12
  3512 | D:4      | Noticed Natasha
  3513 | D:4      | Noticed Ijyb
  3523 | D:4      | Killed Natasha
  3555 | D:4      | Slain by Ijyb

Illustrated notes

Levels and vault maps discovered:
D:1:      minmay_arrival_diagonal_passages, layout_loops_ring,
          shapermc_ecumenical_altar_mp_urbaneastern
D:2:      layout_basic
D:3:      layout_loops_ring, amcnicky_altar_gilded,
          nicolae_hepliaklqana_hazy_memory
D:4:      layout_loops_ring, gammafunk_ghost_arena, uniq_ijyb, uniq_natasha,
          uniq_pikel

Skill      XL: |  1  2  3  4  5 |
---------------+----------------+-----
Spellcasting   | 5 |  5.2
Invocations    | 1 |  1.6
Short Blades   | 1 |  1.4
Long Blades    | 1 |  1.4
Axes           | 1 |  1.4
Maces & Flails | 1 |  1.4
Staves         | 1 |  1.4
Slings         | 1 |  1.4
Bows           | 1 |  1.4
Crossbows      | 1 |  1.4
Stealth        | 1 |  1.4
Shields        | 1 |  1.4
Unarmed Combat | 1 |  1.4
Evocations     | 1 |  1.4
Conjurations   | 1 |  1.1
Hexes          | 1 |  1.1
Summonings     | 1 |  1.1
Necromancy     | 1 |  1.1
Transmutations | 1 |  1.1
Fire Magic     | 1 |  1.1
Ice Magic      | 1 |  1.1
Air Magic      | 1 |  1.1
Earth Magic    | 1 |  1.1
Poison Magic   | 1 |  1.1
Throwing       | 3 |  3.0
Armour         | 3 |  3.0
Fighting       | |  4.8
Polearms       | |  4.8
Dodging        | |  4.8
Translocations | |  5.5

Action                   |  1- 3 |  4- 6 || total
-------------------------+-------+-------++-------
Melee: Spear             |   144 |   101 ||   245
       Bite              |    15 |     8 ||    23
       Punch             |       |     1 ||     1
       Whip              |       |    41 ||    41
 Stab: Sleeping          |     2 |       ||     2
Armor: Leather armour    |    28 |    10 ||    38
       Ring mail         |       |     9 ||     9
Dodge: Dodged            |    62 |    56 ||   118
